 Dungeon Crawl Stone Soup version 0.29.1-1-gd02db6906a (webtiles) character file.

Game seed: 2040635531669082735

95 MisterFreud the Twirler (level 4, 0/33 HPs)
             Began as a Formicid Gladiator on Sept 28, 2022.
             Slain by a gnoll
             ... wielding a +0 whip
              (2 damage)
             ... on level 2 of the Dungeon.
             The game lasted 00:02:32 (2549 turns).

MisterFreud the Twirler (Formicid Gladiator)        Turns: 2549, Time: 00:02:32

Health: 0/33       AC:  3    Str: 21    XL:     4   Next: 97%
Magic:  4/4        EV: 12    Int:  7    God:
Gold:   87         SH:  0    Dex: 15    Spells: 3/3 levels left

rFire   . . .      SeeInvis +   a - +0 quarterstaff
rCold   . . .      Faith    .   (no shield)
rNeg    . . .      Spirit   .   b - +0 leather armour
rPois   .          Reflect  .   (helmet unavailable)
rElec   .          Harm     .   (no cloak)
rCorr   .          Rampage  .   (no gloves)
Will    .....                   (no boots)
Stlth   +.........              (no amulet)
HPRegen 0.11/turn               (no ring)
MPRegen 0.09/turn               (no ring)

@: brilliant
A: permanent stasis, dig shafts and tunnels, antennae 3, four strong arms
a: Dig, Shaft Self


You were on level 2 of the Dungeon.
You visited 1 branch of the dungeon, and saw 2 of its levels.

You collected 87 gold pieces.

Inventory:

Hand Weapons
 a - a +0 quarterstaff (weapon)
Missiles
 c - 3 throwing nets (quivered)
 d - a javelin
 g - 2 boomerangs
Armour
 b - a +0 leather armour (worn)
Potions
 e - a potion of flight


   Skills:
 - Level 2.1 Fighting
 + Level 5.2 Staves
 - Level 2.0 Throwing
 - Level 2.6 Dodging


You had 3 spell levels left.
You didn't know any spells.
Your spell library contained the following spells:

 Spells                   Type           Power      Damage    Failure   Level
 Freeze                   Ice            0%         1d3       47%         1
 Frozen Ramparts          Ice            0%         1d1       85%         3
 Portal Projectile        Hex/Tloc       0%         N/A       85%         3
 Tukima's Dance           Hex            0%         N/A       85%         3
 Hailstorm                Conj/Ice       0%         3d3       99%         4
 Blade Hands              Tmut           0%         N/A       100%        5


Dungeon Overview and Level Annotations

Branches:
Dungeon (2/15)

Altars:

Shops:
D:2 =


Innate Abilities, Weirdness & Mutations

You cannot be hasted, slowed, berserked, paralysed or teleported.
You can dig through walls and to a lower floor.
You have a pair of large antennae on your head. (SInv)
Your four strong arms can wield two-handed weapons with a shield.


Message History

There are monsters nearby!
You are too injured to fight recklessly!
There are monsters nearby!
You are too injured to fight recklessly!
You barely miss the gnoll.
The gnoll is moderately wounded.
The gnoll hits you with a +0 whip.
You thump the gnoll!
You kill the gnoll!
You barely miss the gnoll. The gnoll hits you with a +0 whip!
* * * LOW HITPOINT WARNING * * *
It was a potion of berserk rage.
Your stasis prevents you from going berserk.
The gnoll hits you with a +0 whip.
* * * LOW HITPOINT WARNING * * *
It was a potion of haste.
Your stasis prevents you from being hasted.
The gnoll closely misses you.
It was a potion of brilliance.
You feel clever all of a sudden.
You aren't carrying any scrolls.
Unknown command.
Unknown command.
Unknown command.
Unknown command.
Unknown command.
The gnoll attacks as you move away! The gnoll closely misses you.
The gnoll attacks as you move away! The gnoll hits you with a +0 whip.
* * * LOW HITPOINT WARNING * * *
You aren't carrying any scrolls.
Unknown command.
Unknown command.
You completely miss the gnoll. The gnoll closely misses you.
You sock the gnoll!
The gnoll is severely wounded.
The gnoll closely misses you.
You barely miss the gnoll.
The gnoll is severely wounded.
The gnoll hits you with a +0 whip.
You die...

#.....##.#.#.....#.##.##
###.####.#.#.#####....
#.####.#............
#....#.###g#.######.#.########
####.#.#...#..........#.......
###>#.#.####.#####...#.######
###...#'#..g..g................
#............#g#######.##.#####
#............#@#######.##.#
#............#.........##.#
#............###.########.#
#..................# #....#
#....†.......#..♣..# #.########
#............##....###.# #.....
#......<.....##........# #.####
#............##........###'####
#..........).##...)....##......


You could see 2 gnolls.

Vanquished Creatures
  2 gnolls (D:2)
  3 adders (D:2)
  A worm (D:2)
  A dart slug (D:1)
  7 endoplasms
  2 giant cockroaches (D:1)
  5 hobgoblins
  4 kobolds (D:2)
  A quokka (D:2)
  6 ball pythons
  3 bats
  5 frilled lizards
  3 goblins
  3 rats (D:1)
46 creatures vanquished.

Notes
Turn   | Place    | Note
-------+----------+-------------------------------------------
     0 | D:1      | MisterFreud the Formicid Gladiator began the quest for the
                  | Orb.
     0 | D:1      | Reached XP level 1. HP: 16/16 MP: 1/1
   357 | D:1      | Reached XP level 2. HP: 19/22 MP: 2/2
   491 | D:1      | Found a faded altar of an unknown god.
   908 | D:1      | Reached skill level 4 in Staves
   908 | D:1      | Reached XP level 3. HP: 27/27 MP: 3/3
  2070 | D:2      | Reached XP level 4. HP: 33/33 MP: 4/4
  2078 | D:2      | Found Ruukot's One-of-a-Kind Rings.
  2267 | D:2      | Reached skill level 5 in Staves
  2546 | D:2      | HP: 1/33 [gnoll/+0 whip (1)]
  2549 | D:2      | Slain by a gnoll

Illustrated notes

Levels and vault maps discovered:
D:1:      sevenhm_arrival_forest_fort_large_4, layout_basic,
          shapermc_ecumenical_altar_flowoftime, minmay_misc_feat_tower
D:2:      layout_basic, chequers_mini_garden, nicolae_shop_unique_rings,
          kennysheep_nondescript, serial_bayou_pond_e

Skill      XL: |  1  2  3  4 |
---------------+-------------+-----
Staves         | 4 5 |  5.2
Fighting       | |  2.1
Throwing       | |  2.0
Dodging        | |  2.6

Action                   |  1- 3 |  4- 6 || total
-------------------------+-------+-------++-------
Melee: Quarterstaff      |    77 |    41 ||   118
       Punch             |     1 |       ||     1
  Use: Scroll            |     4 |       ||     4
       Potion            |       |     3 ||     3
 Stab: Sleeping          |     1 |       ||     1
Armor: Leather armour    |    15 |    11 ||    26
Dodge: Dodged            |    37 |    29 ||    66
